 Dungeon Crawl Stone Soup version 0.29-a0-322-g68df515428 (webtiles) character file.

Game seed: 17267052505879413367

8055 jisko22 the Destroyer (level 11, -2/64 HPs)
             Began as a Deep Elf Conjurer on Apr 7, 2022.
             Was a Believer of Sif Muna.
             Slain by a freezing wraith (21 damage)
             ... on level 9 of the Dungeon on Apr 8, 2022.
             The game lasted 00:50:18 (16495 turns).

jisko22 the Destroyer (Deep Elf Conjurer)          Turns: 16495, Time: 00:50:18

Health: -2/64      AC: 12    Str:  6    XL:     11   Next: 4%
Magic:  15/32      EV: 15    Int: 24    God:    Sif Muna [**....]
Gold:   210        SH:  5    Dex: 15    Spells: 6/24 levels left

rFire   . . .      SeeInvis .   a - +5 hand axe of Zugad {speed, MP+9}
rCold   . . .      Faith    .   (no shield)
rNeg    . . .      Spirit   .   A - +0 steam dragon scales
rPois   .          Reflect  +   (no helmet)
rElec   .          Harm     .   E - +0 cloak
rCorr   .          Rampage  .   t - +1 pair of gloves
Will    +....                   (no boots)
Stlth   ++........              x - amulet of reflection
HPRegen 0.20/turn               B - ring of wizardry
MPRegen 0.23/turn               j - +4 ring of protection

@: slowed, very slow
A: no striking features
a: Renounce Religion, Channel Magic


You were on level 9 of the Dungeon.
You worshipped Sif Muna.
Sif Muna was pleased with you.
You visited 2 branches of the dungeon, and saw 10 of its levels.

You collected 570 gold pieces.
You spent 360 gold pieces at shops.

Inventory:

Hand Weapons
 a - the +5 hand axe of Zugad (weapon) {speed, MP+9}
   (You took it off a centaur on level 9 of the Dungeon)

   Attacks with this weapon are significantly faster.
   MP:        It affects your magic capacity (+9).
 b - a +4 dagger of venom
 l - a +0 dagger
 n - a +5 club
Armour
 f - a +0 buckler
 h - a +0 leather armour
 r - a +1 pair of gloves
 t - a +1 pair of gloves (worn)
 A - +0 steam dragon scales (worn)
 E - a +0 cloak (worn)
 F - a +0 robe
Jewellery
 j - a +4 ring of protection (right hand)
 k - a ring of resist corrosion
 m - a +6 ring of intelligence
 w - a ring of positive energy
 x - an amulet of reflection (around neck)
 y - a ring of protection from fire
 B - a ring of wizardry (left hand)
Wands
 v - a wand of iceblast (8) (quivered)
 D - a wand of charming (8)
Scrolls
 c - 2 scrolls of identify
 g - 3 scrolls of vulnerability
 i - a scroll of fear
 q - a scroll of fog
 s - a scroll of noise
 z - a scroll of teleportation
Potions
 d - a potion of might
 e - 5 potions of mutation
 o - a potion of brilliance
 p - 4 potions of degeneration
 u - 3 potions of flight
 C - a potion of berserk rage


   Skills:
 + Level 5.4 Fighting
 - Level 5.2 Short Blades
 - Level 6.2 Dodging
 - Level 2.4 Stealth
 - Level 3.7 Shields
 - Level 7.2 Spellcasting
 + Level 9.2 Conjurations
 + Level 9.0 Hexes
 * Level 6.7 Air Magic


You had 6 spell levels left.
You knew the following spells:

 Your Spells              Type           Power      Damage    Failure   Level
a - Magic Dart            Conj           100%       1d8       1%          1
b - Searing Ray           Conj           100%       2d8       1%          2
c - Dazzling Flash        Conj/Hex       100%       N/A       1%          3
d - Fulminant Prism       Conj/Hex       25%        3d14      1%          4
e - Conjure Ball Lightni  Conj/Air       23%        3x3d6     16%         6
f - Blink                 Tloc           16%        N/A       4%          2

Your spell library contained the following spells:

 Spells                   Type           Power      Damage    Failure   Level
 Poisonous Vapours        Pois/Air       48%        N/A       1%          2
 Sting                    Tmut/Pois      32%        1d4       2%          1
 Iskenderun's Mystic Bla  Conj/Tloc      30%        2d8       4%          4
 Lesser Beckoning         Tloc           8%         N/A       9%          3
 Olgreb's Toxic Radiance  Pois           8%         N/A       26%         4
 Manifold Assault         Tloc           8%         N/A       58%         5
 Dispersal                Tloc           4%         N/A       98%         6
 Discord                  Hex            25%        N/A       98%         8
 Disjunction              Tloc           4%         N/A       100%        8


Dungeon Overview and Level Annotations

Branches:
Dungeon (9/15)             Temple (1/1) D:5
   Lair: D:8-11         Orc: D:9-12

Altars:
Cheibriados
Dithmenos
Fedhas
Gozag
Kikubaaqudgha
Nemelex Xobeh
Okawaru
Qazlal
Ru
Sif Muna
Trog
Uskayaw
Vehumet
Xom
Yredelemnul
Zin
The Shining One

Shops:
D:3 =

Annotations:
D:7 Maggie


Message History

Casting: Searing Ray (safe; 1% risk of failure)
Confirm with . or Enter, or press ? or * to list all spells.
Aiming: Searing Ray (safe; 1% risk of failure)
Press: ? - help, Shift-Dir - straight line, f - freezing wraith
Aim: a freezing wraith (moderately damaged, 83% to hit)
The searing ray hits the acid dragon!
You kill the acid dragon!
Sif Muna accepts your kill.
The searing ray hits the freezing wraith.
The freezing wraith is heavily damaged. (Press . to maintain the ray.)
Your Hexes skill increases to level 9!
The searing ray hits the freezing wraith.
The freezing wraith is heavily damaged.
The searing ray hits the freezing wraith but does no damage.
The freezing wraith is heavily damaged.
The searing ray hits the freezing wraith but does no damage.
The freezing wraith is heavily damaged.
You finish channelling your searing ray.
The freezing wraith misses you. The freezing wraith hits you!
Casting: Searing Ray (safe; 1% risk of failure)
Confirm with . or Enter, or press ? or * to list all spells.
Aiming: Searing Ray (safe; 1% risk of failure)
Press: ? - help, Shift-Dir - straight line, f/p - freezing wraith
Aim: a freezing wraith (heavily damaged, 83% to hit)
The searing ray hits the freezing wraith!
The freezing wraith is severely damaged. (Press . to maintain the ray.)
The freezing wraith closely misses you. You block the freezing wraith's attack.
The searing ray hits the freezing wraith but does no damage.
The freezing wraith is severely damaged.
The freezing wraith hits you! The freezing wraith freezes you!
The freezing wraith hits you. The freezing wraith drains your vigour!
You feel yourself slow down.
The searing ray hits the freezing wraith.
The freezing wraith is severely damaged.
The freezing wraith hits you.
* * * LOW HITPOINT WARNING * * *
The freezing wraith freezes you!!
You die...

##.##.# ##.. ......# ....
##.#### ...######## #.##
#.D#....... .# #..#.....
### #.##.)#...# ..#
#....)#...# #.# #
#.....W...# #.#
#≈#######@..#### #.#
#≈≈≈≈≈≈≈≈≈≈≈≈≈≈≈ #.#
###.##....###############
#.# #.##.#### #..........
#.# #.##.# ##.#........
#.# #.##.# ##....#######
#.# #.##.# ##.###.## #.#
#.##.# #.## ##.# #.###
#.##.# #.# #.#


You could see a freezing wraith.

Vanquished Creatures
  A centaur warrior (D:9)
  A two-headed ogre (D:8)
  A cyclops (D:9)
  Joseph (D:7)
  2 trolls (D:9)
  A hornet (D:8)
  A shadow (D:9)
  A wyvern (D:9)
  2 vampires (D:9)
  A wraith (D:7)
  7 yaks (D:9)
  A steam dragon (D:7)
  2 acid dragons (D:9)
  A water moccasin (D:5)
  An orc warrior (D:9)
  A black bear (D:6)
  An ice beast (D:6)
  An ogre (D:6)
  6 centaurs
  3 kobold brigands
  Blork the orc (D:6)
  4 bullfrogs
  2 necrophages
  A gnoll sergeant (D:9)
  3 scorpions (D:5)
  12 wights
  7 killer bees
  5 howler monkeys
  2 orc priests
  3 hounds
  Jessica (D:2)
  2 iguanas
  Ijyb (D:3)
  5 orc wizards
  8 gnolls
  3 adders
  A shadow imp (D:7)
  2 white imps (D:6)
  A dart slug (D:3)
  2 worms
  9 orcs
  5 bats
  A bat zombie (D:3)
  3 endoplasms
  2 giant cockroaches
  7 goblins
  8 hobgoblins
  8 jackals (D:2)
  5 ball pythons
  6 frilled lizards
  21 kobolds
  5 rats
  A rat zombie (D:3)
  A fulminant prism (D:7)
184 creatures vanquished.

Vanquished Creatures (others)
  A kobold (D:9)
  43 fulminant prisms
  6 plants (D:1)
50 creatures vanquished.

Grand Total: 234 creatures vanquished

Notes
Turn   | Place    | Note
-------+----------+-------------------------------------------
     0 | D:1      | jisko22 the Deep Elf Conjurer began the quest for the Orb.
     0 | D:1      | Reached XP level 1. HP: 10/10 MP: 6/6
   455 | D:1      | Reached XP level 2. HP: 15/15 MP: 6/8
   481 | D:1      | Learned a level 2 spell: Searing Ray
   965 | D:2      | Noticed Jessica
   970 | D:2      | Killed Jessica
   971 | D:2      | Reached XP level 3. HP: 20/20 MP: 0/10
  1264 | D:2      | Reached skill level 5 in Conjurations
  1469 | D:2      | Reached skill level 1 in Fighting
  1508 | D:2      | Learned a level 3 spell: Dazzling Flash
  1610 | D:2      | Reached skill level 1 in Shields
  1610 | D:2      | Reached XP level 4. HP: 25/25 MP: 8/11
  1615 | D:2      | Learned a level 4 spell: Fulminant Prism
  1949 | D:2      | Reached skill level 1 in Hexes
  2275 | D:3      | Found a faded altar of an unknown god.
  2464 | D:3      | Noticed Ijyb
  2473 | D:3      | Killed Ijyb
  2709 | D:3      | Found Xebyfer's Jewellery Emporium.
  2922 | D:3      | Found an ancient bone altar of Kikubaaqudgha.
  3438 | D:3      | Reached XP level 5. HP: 29/29 MP: 6/13
  5158 | D:5      | Entered Level 5 of the Dungeon
  5212 | D:5      | Noticed a water moccasin
  5222 | D:5      | Killed a water moccasin
  5223 | D:5      | Reached XP level 6. HP: 15/34 MP: 4/14
  5644 | D:5      | Found a staircase to the Ecumenical Temple.
  5670 | Temple   | Entered the Ecumenical Temple
  5676 | Temple   | Became a worshipper of Sif Muna the Loreminder
  5745 | D:5      | Reached XP level 7. HP: 29/40 MP: 4/16
  6071 | D:5      | Reached skill level 5 in Spellcasting
  6276 | D:5      | You fall into a shaft and drop 3 floors!
  6455 | D:8      | Reached skill level 1 in Short Blades
  6923 | D:8      | Noticed a hornet
  7026 | D:8      | Noticed a two-headed ogre
  7053 | D:8      | Killed a two-headed ogre
  7054 | D:8      | Reached skill level 5 in Dodging
  7054 | D:8      | Reached skill level 5 in Hexes
  7054 | D:8      | Reached XP level 8. HP: 20/45 MP: 8/18
  7333 | D:8      | Paralysed by a hornet for 1 turns
  7336 | D:8      | Paralysed by a hornet for 2 turns
  7339 | D:8      | Killed a hornet
  8036 | D:7      | Noticed Maggie
  8060 | D:7      | Reached XP level 9. HP: 44/50 MP: 6/20
  9426 | D:6      | Reached * piety under Sif Muna
  9647 | D:6      | Noticed Blork the orc
  9657 | D:6      | Killed Blork the orc
 10614 | D:7      | Noticed Joseph
 11239 | D:7      | Killed Joseph
 11240 | D:7      | Reached skill level 5 in Short Blades
 11486 | D:7      | Learned a level 6 spell: Conjure Ball Lightning
 11618 | D:7      | Reached skill level 1 in Air Magic
 12238 | D:3      | Bought a ring of wizardry for 360 gold pieces
 12958 | D:9      | Noticed a troll
 12976 | D:9      | Killed a troll
 12977 | D:9      | Reached XP level 10. HP: 34/56 MP: 3/22
 13643 | D:9      | Identified the +5 hand axe of Zugad {speed, MP+9}
 14008 | D:9      | Noticed a fire dragon
 14129 | D:9      | Reached ** piety under Sif Muna
 14130 | D:9      | Reached skill level 5 in Air Magic
 14993 | D:9      | Noticed a cyclops
 15069 | D:9      | Reached skill level 5 in Fighting
 15365 | D:9      | Killed a cyclops
 15537 | D:9      | Noticed a centaur warrior
 15557 | D:9      | Killed a centaur warrior
 16461 | D:9      | Learned a level 2 spell: Blink
 16484 | D:9      | Reached XP level 11. HP: 64/64 MP: 23/23
 16495 | D:9      | Slain by a freezing wraith

Illustrated notes

Levels and vault maps discovered:
D:1:      eino_arrival_water_cross, layout_basic, serial_bayou_lake_a
D:2:      layout_basic, minmay_lizard_pond, uniq_jessica
D:3:      layout_basic, lemuel_zombie_altar_kikubaaqudgha, serial_shops, shop,
          chequers_ecumenical_altar_grove, uniq_ijyb
D:4:      layout_basic
D:5:      layout_basic, minmay_temple_entry_antechambers
D:6:      wander_river, layout_basic, chequers_hall_statues_wall_a,
          uniq_blork_the_orc
D:7:      layout_cave_pools, kennysheep_generic_room_9, uniq_maggie, uniq_joseph
D:8:      layout_loops_ring
D:9:      cheibrodos_ideogram_h, layout_loops_ring
Temple:   dpeg_three_leaves_temple

Skill      XL: |  1  2  3  4  5  6  7  8  9 10 11 |
---------------+----------------------------------+-----
Dodging        | 3 4 5 6 |  6.2
Conjurations   | 5 6 7 9 |  9.2
Fighting       | 1 2 3 4 5 |  5.4
Shields        | 1 2 3 |  3.7
Hexes          | 1 2 3 5 6 7 8 9 |  9.0
Spellcasting   | 4 5 6 7 |  7.2
Short Blades   | 3 5 |  5.2
Air Magic      | 2 6 |  6.7
Stealth        | |  2.4

Action                   |  1- 3 |  4- 6 |  7- 9 | 10-12 || total
-------------------------+-------+-------+-------+-------++-------
Melee: Dagger            |       |     9 |    32 |    17 ||    58
       Punch             |       |       |       |     2 ||     2
 Cast: Magic Dart        |    53 |    74 |    58 |    31 ||   216
       Searing Ray       |       |    14 |    39 |    32 ||    85
       Dazzling Flash    |       |     3 |    14 |     5 ||    22
       Fulminant Prism   |       |       |    22 |    22 ||    44
       Blink             |       |       |       |     1 ||     1
Invok: Channel Magic     |       |       |     1 |       ||     1
Evoke: Wand              |       |       |     3 |       ||     3
  Use: Scroll            |       |    13 |     9 |     1 ||    23
       Potion            |       |     1 |    11 |     1 ||    13
 Stab: Sleeping          |       |     1 |     1 |       ||     2
       Invisible         |       |     2 |     4 |       ||     6
Armor: Robe              |       |     7 |    22 |       ||    29
       Skin              |       |       |    10 |       ||    10
       Steam dragon scal |       |       |     6 |    16 ||    22
Dodge: Dodged            |     2 |    16 |    82 |    37 ||   137
Block: Other             |       |     7 |    28 |    22 ||    57
       Reflection        |       |     1 |       |     7 ||     8

Table legend: (Time is in decaauts)
 A = Elapsed time spent in this place.
 B = Non-inter-level travel time spent in this place.
 C = Inter-level travel time spent in this place.
 D = Time resting spent in this place.
 E = Time spent auto-exploring this place.
 F = Levels seen in this place.
 G = Mean time per level.
                   A        B        C        D        E       F      G
               +--------+--------+--------+--------+--------+-----+--------+
         Total |  16535 |  15552 |    983 |   8972 |   4395 |  10 | 1653.5 |
       Dungeon |  16519 |  15536 |    983 |   8972 |   4395 |   9 | 1835.4 |
        Temple |     15 |     15 |      0 |      0 |      0 |   1 |   15.0 |
               +--------+--------+--------+--------+--------+-----+--------+

Top non-repeatable levels by time:
     D:8: 4039 daAuts
     D:6: 2588 daAuts
     D:9: 1968 daAuts
     D:3: 1860 daAuts
     D:5: 1830 daAuts
     D:2: 1324 daAuts
     D:4: 1251 daAuts
     D:1: 966 daAuts
     D:7: 687 daAuts
  Temple: 15 daAuts
